 Dungeon Crawl Stone Soup version 0.29.1 (webtiles) character file.

Game seed: 2048905366531644343

56 greasedhog the Shield-Bearer (level 4, -2/37 HPs)
             Began as a Formicid Fighter on Sept 14, 2022.
             Constricted to death by Terence (3 damage)
             ... on level 2 of the Dungeon.
             The game lasted 00:01:22 (1380 turns).

greasedhog the Shield-Bearer (Formicid Fighter)     Turns: 1380, Time: 00:01:24

Health: -2/37      AC:  8    Str: 22    XL:     4   Next: 15%
Magic:  4/4        EV:  6    Int:  8    God:
Gold:   76         SH:  5    Dex: 13    Spells: 3/3 levels left

rFire   . . .      SeeInvis +   a - +0 war axe
rCold   . . .      Faith    .   c - +0 buckler
rNeg    . . .      Spirit   .   b - +0 scale mail
rPois   .          Reflect  .   (helmet unavailable)
rElec   .          Harm     .   h - +0 cloak
rCorr   .          Rampage  .   (no gloves)
Will    .....                   (no boots)
Stlth   ..........              (no amulet)
HPRegen 0.12/turn               (no ring)
MPRegen 0.09/turn               (no ring)

@: grasped by roots, constricted
A: permanent stasis, dig shafts and tunnels, antennae 3, four strong arms
a: Dig, Shaft Self


You were on level 2 of the Dungeon.
You visited 1 branch of the dungeon, and saw 2 of its levels.

You collected 76 gold pieces.

Inventory:

Hand Weapons
 a - a +0 war axe (weapon)
Armour
 b - a +0 scale mail (worn)
 c - a +0 buckler (worn)
 h - a +0 cloak (worn)
Jewellery
 m - a ring of willpower
Wands
 f - a wand of flame (9)
Scrolls
 e - a scroll of enchant armour
 n - a scroll of vulnerability
 p - a scroll of summoning {unknown}
 r - a scroll of poison {unknown}
Potions
 d - a potion of might
 g - a potion of heal wounds {unknown}
 i - a potion of degeneration {unknown}
 j - 2 potions of curing {unknown}
 l - a potion of cancellation {unknown}
 o - a potion of haste {unknown}
 q - a potion of invisibility {unknown}


   Skills:
 * Level 4.0 Fighting
 * Level 2.8 Axes
 - Level 3.2 Armour
 * Level 4.9 Shields


You had 3 spell levels left.
You didn't know any spells.
Your spell library contained the following spells:

 Spells                   Type           Power      Damage    Failure   Level
 Slow                     Hex            0%         N/A       80%         1
 Call Canine Familiar     Summ           0%         N/A       99%         3
 Confusing Touch          Hex            0%         N/A       99%         3
 Portal Projectile        Hex/Tloc       0%         N/A       99%         3
 Vampiric Draining        Necr           0%         2d6       99%         3
 Leda's Liquefaction      Hex/Erth       0%         N/A       100%        4


Dungeon Overview and Level Annotations

Branches:
Dungeon (2/15)

Altars:

Annotations:
D:2 Terence


Innate Abilities, Weirdness & Mutations

You cannot be hasted, slowed, berserked, paralysed or teleported.
You can dig through walls and to a lower floor.
You have a pair of large antennae on your head. (SInv)
Your four strong arms can wield two-handed weapons with a shield.


Message History

You are too injured to fight recklessly!
You are too injured to fight recklessly!
You are too injured to fight recklessly!
You are too injured to fight recklessly!
You are too injured to fight recklessly!
You are too injured to fight recklessly!
You are too injured to fight recklessly!
You are too injured to fight recklessly!
You are too injured to fight recklessly!
You are too injured to fight recklessly!
You are too injured to fight recklessly!
You are too injured to fight recklessly!
You are too injured to fight recklessly!
You are too injured to fight recklessly!
You are too injured to fight recklessly!
You are too injured to fight recklessly!
You are too injured to fight recklessly!
You are too injured to fight recklessly!
You are too injured to fight recklessly!
You are too injured to fight recklessly!
You are too injured to fight recklessly!
You are too injured to fight recklessly!
You are too injured to fight recklessly!
You are too injured to fight recklessly!
You are too injured to fight recklessly!
Unknown command.
You slash Terence!
Terence is almost dead.
Terence zaps a wand.
The roots erupt in riotous growth!
The grasping roots grab you!
Terence is unaffected.
The grasping roots constrict you.
* * * LOW HITPOINT WARNING * * *
You hit Terence but do no damage.
Terence is almost dead.
Terence hits you with a +0 mace.
* * * LOW HITPOINT WARNING * * *
The grasping roots constrict you.
* * * LOW HITPOINT WARNING * * *
You block Terence's attack. The grasping roots constrict you.
You die...

# #..# # #..##. #
#..##.# # #...#.# #+## #
####.#.#.# #...## #
#........# #.....# #
#.###..#.## ##.......
###.###.#...####........
.....[.........'@@......
#######(#...####........
#.##.## ##......! #.####
#.....# #.# #...## #.#
#+## ... #.


You could see Terence.

Vanquished Creatures
  Robin (D:2)
  2 dart slugs (D:1)
  2 endoplasms (D:1)
  A giant cockroach (D:1)
  10 goblins
  4 hobgoblins (D:2)
  2 quokkas (D:1)
  2 ball pythons
  3 bats (D:1)
  4 frilled lizards (D:1)
  3 kobolds (D:1)
  4 rats
38 creatures vanquished.

Vanquished Creatures (others)
  3 plants (D:1)
3 creatures vanquished.

Grand Total: 41 creatures vanquished

Notes
Turn   | Place    | Note
-------+----------+-------------------------------------------
     0 | D:1      | greasedhog the Formicid Fighter began the quest for the
                  | Orb.
     0 | D:1      | Reached XP level 1. HP: 18/18 MP: 1/1
   230 | D:1      | Reached XP level 2. HP: 17/24 MP: 2/2
   313 | D:1      | Found a faded altar of an unknown god.
   776 | D:1      | Reached XP level 3. HP: 30/30 MP: 3/3
  1043 | D:2      | Identified the +2 helmet of the Blushing Gods {rPois}
  1043 | D:2      | Noticed Robin
  1064 | D:2      | Killed Robin
  1066 | D:2      | Reached XP level 4. HP: 34/37 MP: 4/4
  1273 | D:2      | Identified the +1 ring mail of Ebbim {rElec rN+ Dex+4}
  1372 | D:2      | Noticed Terence
  1380 | D:2      | HP: 1/37 [constriction (3)]
  1380 | D:2      | Constricted to death by Terence

Illustrated notes

Levels and vault maps discovered:
D:1:      minmay_arrival_plants_in_alcoves, layout_basic,
          hellmonk_ecumenical_altar_arch_garden, serial_bayou_ford_a
D:2:      layout_loops_corners, serial_shops, nicolae_square_shop, uniq_robin,
          uniq_jessica, uniq_terence

Skill      XL: |  1  2  3 |
---------------+----------+-----
Fighting       | 4 |  4.0
Axes           | |  2.8
Armour         | |  3.2
Shields        | |  4.9

Action                   |  1- 3 |  4- 6 || total
-------------------------+-------+-------++-------
Melee: War axe           |    81 |    15 ||    96
  Use: Scroll            |     3 |     1 ||     4
Armor: Scale mail        |    44 |     2 ||    46
Dodge: Dodged            |    36 |     4 ||    40
Block: Buckler           |    24 |     5 ||    29
